 Dungeon Crawl Stone Soup version 0.21-a0-85-ga0cb861 (webtiles) character file.

808 nikopol the Magician (level 7, -8/37 HPs)
             Began as a Deep Elf Fire Elementalist on June 25, 2017.
             Killed from afar by an orc wizard (9 damage)
             ... with a puff of flame
             ... on level 5 of the Dungeon.
             The game lasted 00:25:12 (5551 turns).

nikopol the Magician (Deep Elf Fire Elementalist)   Turns: 5551, Time: 00:25:13

Health: -8/37      AC:  4    Str: 10    XL:     7   Next: 60%
Magic:  10/19      EV: 13    Int: 22    God:
Gold:   269        SH:  0    Dex: 15    Spells: 8/19 levels left

rFire    . . .     SeeInvis .   x - +0 quarterstaff
rCold    . . .     Gourm    .   (shield currently unavailable)
rNeg     . . .     Faith    .   a - +0 robe
rPois    .         Spirit   .   (no helmet)
rElec    .         Reflect  .   A - +0 cloak (curse)
rCorr    .         Harm     .   o - +0 pair of gloves
MR       .....                  (no boots)
Stlth    ++........             (no amulet)
HPRegen  0.12/turn              e - +4 ring of slaying
MPRegen  0.16/turn              (no ring)

@: mighty
A: no striking features
a: no special abilities


You were on level 5 of the Dungeon.
You were not hungry.

You visited 1 branch of the dungeon, and saw 5 of its levels.

You collected 269 gold pieces.

Inventory:

Hand Weapons
 k - a +0 dagger
 l - a +0 short sword
 x - a +0 quarterstaff (weapon)
 C - a +0 dagger of holy wrath
Armour
 a - a +0 robe (worn)
 o - a +0 pair of gloves (worn)
 A - a cursed +0 cloak (worn)
Jewellery
 e - a +4 ring of slaying (left hand)
 w - a +2 amulet of reflection {unknown}
Scrolls
 d - 5 scrolls of identify
 g - 3 scrolls of remove curse {unknown}
 i - 2 scrolls of teleportation {unknown}
 j - 2 scrolls of fear {unknown}
 p - a scroll of immolation {unknown}
 q - 2 scrolls of fog {unknown}
 y - a scroll of enchant armour {unknown}
 B - a scroll of recharging {unknown}
 D - a scroll of amnesia {unknown}
Potions
 f - a potion of mutation
 h - 2 potions of agility
 s - 3 potions of haste
 u - 2 potions of brilliance {unknown}
 z - a potion of ambrosia {unknown}
 E - 2 potions of curing {unknown}
Books
 b - a book of Flames

   Spells                             Type                      Level
   a - Flame Tongue                   Conjuration/Fire             1
   b - Throw Flame                    Conjuration/Fire             2
   c - Conjure Flame                  Conjuration/Fire             3
   d - Inner Flame                    Hexes/Fire                   3
   e - Sticky Flame                   Conjuration/Fire             4
   f - Fireball                       Conjuration/Fire             5
 n - a book of Cantrips

   Spells                             Type                      Level
   a - Confusing Touch                Hexes                        1
   b - Animate Skeleton               Necromancy                   1
   c - Summon Small Mammal            Summoning                    1
   d - Apportation                    Translocation                1
Comestibles
 c - 4 bread rations
 r - a meat ration
 t - a royal jelly
 v - 2 fruits
 F - a chunk of flesh


   Skills:
 + Level 0.5 Fighting
 + Level 3.3 Dodging
 + Level 3.4 Stealth
 + Level 0.2 Unarmed Combat
 + Level 6.7 Spellcasting
 + Level 4.5 Conjurations
 + Level 6.3 Fire Magic


You had 8 spell levels left.
You knew the following spells:

 Your Spells              Type           Power        Failure   Level  Hunger
a - Flame Tongue          Conj/Fire      ####.        1%          1    None
b - Throw Flame           Conj/Fire      ####..       1%          2    None
c - Conjure Flame         Conj/Fire      ####....     2%          3    #......
d - Fireball              Conj/Fire      ####......   26%         5    #####..


Dungeon Overview and Level Annotations

Branches:
Dungeon (5/15)
 Temple: D:4-7

Altars:


Message History

A magic dart appears from out of thin air!
The magic dart hits you!
You hear some strange, mumbled words.
A puff of frost appears from out of thin air!
The puff of frost hits you!
* * * LOW HITPOINT WARNING * * *
Casting: Flame Tongue
Confirm with . or Enter, or press ? or * to list all spells.
Aiming: Conjure Flame
Press: ? - help, Dir - move target cursor You see a ghostly outline there, and the spell fizzles.
Something hits you but does no damage. Something hits you.
* * * LOW HITPOINT WARNING * * *
You feel very mighty all of a sudden. Something hits you but does no damage.
You sock something!
You hear some strange, mumbled words.
A puff of flame appears from out of thin air!
The puff of flame hits you!
You die...

###.#.####.#.# #........#
######.### #.# ####### ###
#.# #...... ##.#######.####
#.##### ##...#.........#
#.#
##......####.##.#####.#####
#........{@..##.#.........#
##......###.......###.###.#
##...#.###...#.### #.# #.#
####.##.........# #.###.#
#....######...### #......
#.#### ##.## #####.# #.#
#.# #.# #.# #.# #.# #.#
##+## #.#


There were no monsters in sight!

Vanquished Creatures
  The ghost of bohran the Covert, an amateur KoAs of Dithmenos (D:4)
  An ice beast (D:5)
  A hound (D:5)
  A jelly (D:5)
  2 orc priests
  2 orc wizards (D:5)
  A bullfrog skeleton (D:5)
  An iguana (D:5)
  A worker ant (D:4)
  6 gnolls
  8 adders
  A shadow imp (D:4)
  2 adder skeletons
  An adder zombie (D:5)
  2 worms
  6 dart slugs
  A leopard gecko (D:1)
  16 orcs
  17 bats
  8 giant cockroaches
  10 goblins
  9 hobgoblins
  12 jackals
  8 kobolds
  3 quokkas
  5 ball pythons
  6 frilled lizards
  A jackal skeleton (D:4)
  A quokka skeleton (D:5)
  10 rats
144 creatures vanquished.

Notes
Turn   | Place    | Note
-------+----------+-------------------------------------------
     0 | D:1      | nikopol the Deep Elf Fire Elementalist began the quest for the Orb.
     0 | D:1      | Reached XP level 1. HP: 10/10 MP: 6/6
   243 | D:1      | Reached XP level 2. HP: 6/15 MP: 0/8
   720 | D:1      | Reached XP level 3. HP: 19/19 MP: 1/9
  1858 | D:2      | Reached XP level 4. HP: 24/24 MP: 7/11
  2542 | D:3      | Reached XP level 5. HP: 28/28 MP: 9/13
  2896 | D:3      | Learned a level 2 spell: Throw Flame
  2900 | D:3      | Learned a level 3 spell: Conjure Flame
  2925 | D:3      | Learned a level 5 spell: Fireball
  3320 | D:3      | Reached skill level 5 in Fire Magic
  3814 | D:4      | Noticed bohran's ghost (amateur KoAs)
  3871 | D:4      | Killed bohran's ghost
  3871 | D:4      | Reached skill level 5 in Spellcasting
  3871 | D:4      | Reached XP level 6. HP: 33/33 MP: 0/16
  4553 | D:5      | Entered Level 5 of the Dungeon
  4832 | D:5      | Reached XP level 7. HP: 37/37 MP: 9/18
  5549 | D:5      | HP: 1/37 [something (3)]
  5551 | D:5      | Killed from afar by an orc wizard

Vault maps used:
D:1:      dpeg_arrival_morbid_curiosity, kennysheep_decorative_pillar,
          minmay_small_reverse_x
D:4:      first_bread
D:5:      lemuel_coloured_pillars_altar

Skill      XL: |  1  2  3  4  5  6  7 |
---------------+----------------------+-----
Fire Magic     | 4 5 6 |  6.3
Stealth        | 3 |  3.4
Conjurations   | 2 3 4 |  4.5
Spellcasting   | 4 5 6 |  6.7
Dodging        | 3 |  3.3
Fighting       | |  0.5
Unarmed Combat | |  0.2

Action                   |  1- 3 |  4- 6 |  7- 9 || total
-------------------------+-------+-------+-------++-------
Melee: Unarmed           |     1 |       |       ||     1
       Short sword       |       |     1 |       ||     1
       Quarterstaff      |       |       |     1 ||     1
 Cast: Flame Tongue      |    98 |   151 |    43 ||   292
       Conjure Flame     |       |     5 |     4 ||     9
       Throw Flame       |       |     6 |     2 ||     8
       Fireball          |       |       |     1 ||     1
  Use: Scroll            |       |     5 |       ||     5
       Potion            |       |     1 |     1 ||     2
 Stab: Sleeping          |     1 |       |       ||     1
  Eat: Chunk             |     3 |     9 |     2 ||    14
Armor: Robe              |    24 |     5 |     3 ||    32
Dodge: Dodged            |    71 |    26 |     3 ||   100
